 Dungeon Crawl Stone Soup version 0.22-a0-596-gfbd32a6 (webtiles) character file.

30 iamserjio the Skirmisher (level 3, -2/29 HPs)
             Began as a Demonspawn Berserker on July 5, 2018.
             Was a Believer of Trog.
             Slain by a quokka (4 damage)
             ... on level 4 of the Dungeon.
             The game lasted 00:02:07 (351 turns).

iamserjio the Skirmisher (Demonspawn Berserker)      Turns: 351, Time: 00:02:08

Health: -2/29      AC:  6    Str: 18    XL:     3   Next: 3%
Magic:  3/3        EV: 10    Int:  8    God:    Trog [**....]
Gold:   33         SH:  0    Dex: 12    Spells: 2/2 levels left

rFire    . . .     SeeInvis .   a - +0 hand axe
rCold    . . .     Gourm    .   (no shield)
rNeg     . . .     Faith    .   k - +0 scale mail
rPois    .         Spirit   .   (helmet restricted)
rElec    .         Reflect  .   (no cloak)
rCorr    .         Harm     .   (no gloves)
MR       .....                  (no boots)
Stlth    ..........             (no amulet)
HPRegen  0.09/turn              (no ring)
MPRegen  0.08/turn              (no ring)

@: berserk cooldown, slowed, very slow
A: antennae 1
a: Berserk, Trog's Hand, Renounce Religion


You were on level 4 of the Dungeon.
You worshipped Trog.
Trog was pleased with you.
You were hungry.

You visited 1 branch of the dungeon, and saw 4 of its levels.

You collected 33 gold pieces.

Inventory:

Hand Weapons
 a - a +0 hand axe (weapon)
Armour
 b - a +0 animal skin
 e - a +0 ring mail
 k - a +0 scale mail (worn)
Jewellery
 l - an uncursed ring of positive energy {unknown}
Scrolls
 d - a scroll of enchant armour {unknown}
 f - a scroll of identify {unknown}
 g - a scroll of fog {unknown}
 m - a scroll of blinking {unknown}
Potions
 h - a potion of degeneration {unknown}
 i - a potion of curing {unknown}
Comestibles
 c - 2 rations
 j - 5 chunks of flesh


   Skills:
 + Level 3.3 Fighting
 * Level 3.3 Axes
 + Level 2.2 Armour
 - Level 1.7 Dodging


You had 2 spell levels left.
You didn't know any spells.
Your spell library was empty.

Dungeon Overview and Level Annotations

Branches:
Dungeon (4/15)
 Temple: D:4-7

Altars:


Innate Abilities, Weirdness & Mutations

You have a pair of small antennae on your head.


Message History

The hound barks!
You see here a scroll labeled HEUHE LESYOCZE.
m - a scroll labeled HEUHE LESYOCZE The hound bites you.
You hit the hound but do no damage. The hound bites you.
The hound closely misses you.
A quokka comes into view.
The hound bites you.
You barely miss the hound. The hound bites you. x2
* * * LOW HITPOINT WARNING * * *
You miss the hound. The hound bites you.
* * * LOW HITPOINT WARNING * * *
The hound bites you.
* * * LOW HITPOINT WARNING * * *
The hound barely misses you.
You closely miss the hound. You completely miss the quokka.
The hound barely misses you.
The quokka bites you but does no damage.
The hound barely misses you. The quokka bites you.
You die...

## # #. .
..##.# ..
#.....# ....
#......## .....
#...#...##.....
#... #hr.......
#...###@..#
##........##
#.........##
...###......#
#......###
#........#
#.<....#..
#.....###..
#.....## #.


You could see a hound and a quokka.

Vanquished Creatures
  An adder (D:2)
  An orc (D:3)
  A bat (D:3)
  A giant cockroach (D:1)
  A goblin (D:3)
  2 hobgoblins
  3 jackals (D:1)
  A quokka (D:3)
  3 kobolds
  4 rats
18 creatures vanquished.

Notes
Turn   | Place    | Note
-------+----------+-------------------------------------------
     0 | D:1      | iamserjio the Demonspawn Berserker began the quest for the Orb.
     0 | D:1      | Reached XP level 1. HP: 18/18 MP: 1/1
   177 | D:2      | Gained mutation: You have a pair of small antennae on your head. [demonic ancestry]
   177 | D:2      | Reached XP level 2. HP: 19/24 MP: 2/2
   315 | D:2      | Reached XP level 3. HP: 29/29 MP: 3/3
   335 | D:3      | Reached ** piety under Trog
   351 | D:4      | Slain by a quokka

Vault maps used:
D:1:      minmay_arrival_four_houses
D:2:      grunt_temple_overflow_octagram, first_ration
D:3:      minmay_misc_feat_iff, kennysheep_generic_room_12,
          uniq_crazy_yiuf_cottage
D:4:      overflow_temple_1_default, minmay_temple_entry_mist,
          kennysheep_doodads

Skill      XL: |  1 |
---------------+----+-----
Axes           | 3 |  3.3
Armour         | 2 |  2.2
Fighting       | |  3.3
Dodging        | |  1.7

Action                   || total
-------------------------++-------
Melee: Hand axe          ||    54
Invok: Berserk           ||     3
Armor: Ring mail         ||    11
       Animal skin       ||     2
       Scale mail        ||     9
Dodge: Dodged            ||    38

Table legend:
 A = Spawn XP
 B = Non-spawn XP
 C = Spawn XP percentage of total XP
 D = Spawn monster count
 E = Non-spawn monster count
 F = Spawn count percentage of total count
 G = Total turns spent on level
                    A         B        C        D         E        F      G
               +---------+---------+-------+---------+---------+-------+---------
         Total |       0 |      43 |   0.0 |       0 |      18 |   0.0 |   351
               +---------+---------+-------+---------+---------+-------+---------
           D:1 |       0 |      11 |   0.0 |       0 |       6 |   0.0 |   198
           D:2 |       0 |      18 |   0.0 |       0 |       4 |   0.0 |    75
           D:3 |       0 |      14 |   0.0 |       0 |       8 |   0.0 |    67
               +---------+---------+-------+---------+---------+-------+---------
